Map: Shrines of Lizul

Players

ILIEKEGGPIE - Winner!

  • Race: Protoss Protoss
  • League: Platinum
  • Spawn Location: 3:00

REDALERT - Winner!

  • Race: Zerg Zerg
  • League: Gold
  • Spawn Location: 12:00

Fenrir

  • Race: Protoss Protoss
  • Spawn Location: 9:00

GROYER

  • Race: Protoss Protoss
  • Spawn Location: 6:00

VOD

Have the link to the VOD?

Description

Time

  • Played on: May 25, 2018, 4:52 p.m.
  • Length: 14:03
Show
View Real Time Build Order
Export as new Build Order

ILIEKEGGPIE Protoss - Winner!

Build Orders: Oracle Opening 

Get SALT Encoding   

  12  0:01  Probe  
  13  0:13  Probe  
  14  0:23  Pylon  
  14  0:25  Probe  
  15  0:37  Probe  
  16  0:43  Gateway  
  16  0:45  Probe  
  17  0:54  Assimilator  
  17  0:57  Probe  
  18  1:12  Gateway  
  18  1:16  Probe  
  19  1:21  Pylon  
  19  1:29  Probe  
  20  1:35  Cybernetics Core  
  20  1:41  Probe  
  20  1:44  Assimilator  
  21  2:02  Probe  
  21  2:04  Adept x2  
  22  2:12  Warp Gate  
  26  2:30  Stargate  
  26  2:35  Adept  
  28  2:43  Zealot  
  30  3:24  Pylon  
  30  3:25  Pylon  
  30  3:51  Oracle  
  30  3:55  Robotics Facility  
  31  4:09  Nexus  
  31  4:10  Pylon  
  31  4:20  Stalker x2  
  35  4:27  Gateway  
  35  4:29  Gateway  
  33  4:31  Pylon  
  33  4:43  Observer  
  34  4:50  Forge  
  34  5:11  Stalker x2  
  38  5:15  Probe  
  38  5:17  Twilight Council  
  39  5:23  Probe  
  40  5:33  Probe  
  40  5:42  Pylon  
  41  5:44  Stalker, Probe  
  41  5:45  Probe  
  41  5:46  Stalker  
  47  5:57  Probe  
  48  6:10  Probe x2  
  50  6:19  Probe  
  50  6:20  Probe  
  52  6:27  Blink, Probe  
  52  6:28  Probe  
  54  6:36  Probe  
  54  6:37  Probe  
  56  6:48  Protoss Ground Weapons Level 1  
  56  6:49  Probe x2  
  56  6:51  Assimilator  
  56  6:52  Pylon  
  58  6:54  Stalker  
  58  6:55  Assimilator, Pylon  
  58  7:01  Probe  
  61  7:07  Probe  
  62  7:13  Probe  
  60  7:19  Probe  
  61  7:25  Probe  
  61  7:28  Stalker x4  
  70  7:31  Probe  
  71  7:49  Immortal  
  74  7:53  Pylon  
  74  7:56  Nexus  
  74  7:59  Pylon  
  73  8:14  Photon Cannon  
  73  8:18  Photon Cannon  
  73  8:20  Stalker x3  
  79  8:30  Templar Archives  
  79  8:49  Probe x2  
  79  8:53  Protoss Ground Weapons Level 2  
  81  9:00  Photon Cannon  
  81  9:01  Shield Battery, Probe  
  82  9:05  Photon Cannon  
  76  9:18  High Templar x4  
  78  9:40  Archon x2  
  76  10:13  Nexus  
  76  10:38  Nexus  
  74  10:43  Stalker x4  
  82  10:56  Psionic Storm  
  82  11:08  Pylon  
  82  11:09  Nexus  
  82  11:17  Pylon  
  76  11:36  Pylon  
  76  11:39  Pylon  
  76  11:55  High Templar  
  76  11:56  Zealot x2, High Templar  
  83  12:29  Archon  
  83  12:36  Zealot x2  
  75  12:37  Zealot  
  75  12:43  Sentry  
  74  12:47  Observer  
  70  12:57  Stalker x3  
  74  13:09  Observer  
Show
View Real Time Build Order
Export as new Build Order

REDALERT Zerg - Winner!

Build Orders: Hatch First, Lurkers 

Get SALT Encoding   

  12  0:02  Drone  
  13  0:09  Drone  
  14  0:18  Overlord  
  14  0:38  Drone x3  
  17  1:11  Hatchery  
  16  1:34  Spawning Pool, Drone  
  16  1:35  Drone x2  
  16  1:38  Extractor  
  17  2:05  Drone x2  
  19  2:16  Hatchery  
  18  2:25  Drone  
  18  2:28  Queen  
  18  2:29  Queen  
  23  2:40  Drone x2  
  23  2:41  Drone  
  23  2:43  Drone  
  27  2:48  Extractor  
  27  2:51  Drone  
  27  2:56  Drone  
  28  2:59  Overlord  
  28  3:07  Lair  
  28  3:17  Queen  
  31  3:20  Drone  
  31  3:21  Drone  
  33  3:27  Drone x2  
  34  3:43  Drone x2  
  36  3:52  Drone x3  
  39  4:19  Hydralisk Den  
  39  4:22  Overlord x5  
  38  4:24  Drone  
  38  4:25  Drone x3  
  38  4:27  Extractor  
  38  4:28  Overseer, Extractor  
  38  4:29  Overseer  
  40  4:43  Overseer  
  40  4:48  Spore Crawler  
  40  4:52  Overseer  
  39  4:54  Overseer  
  39  5:04  Hydralisk x4  
  39  5:05  Hydralisk x3  
  53  5:25  Drone x6  
  53  5:26  Drone  
  60  5:31  Muscular Augments  
  60  5:44  Extractor  
  59  5:58  Hydralisk x5  
  59  5:59  Hydralisk x2  
  59  6:02  Drone x5  
  59  6:03  Drone x4  
  82  6:04  Overlord  
  82  6:15  Lurker Den  
  81  6:29  Drone x4  
  81  6:30  Drone x4  
  81  6:32  Extractor  
  88  6:42  Hydralisk  
  88  6:46  Overlord x4  
  90  6:58  Spore Crawler  
  90  6:59  Spine Crawler  
  88  7:01  Spine Crawler  
  88  7:02  Drone  
  88  7:03  Drone x2  
  88  7:08  Spore Crawler, Spine Crawler  
  88  7:11  Spine Crawler  
  88  7:12  Drone  
  88  7:13  Drone x7  
  95  7:20  Spore Crawler  
  94  7:24  Spore Crawler  
  94  7:25  Drone  
  94  7:26  Drone x2  
  94  7:27  Evolution Chamber  
  94  7:28  Evolution Chamber, Drone  
  95  7:31  Drone x2  
  97  7:50  Grooved Spines  
  97  7:52  Overlord x2  
  97  7:57  Zerg Missile Weapons Level 1  
  97  7:58  Zerg Ground Armor Level 1  
  97  8:01  Hydralisk x6  
  109  8:12  Lurker  
  110  8:20  Lurker  
  110  8:21  Lurker x6  
  110  8:22  Hydralisk x4, Lurker  
  110  8:24  Hydralisk  
  116  9:49  Hydralisk x11  
  116  9:51  Overlord x5  
  116  9:52  Overlord x2  
  120  10:25  Hydralisk x4  
  120  10:26  Hydralisk x8  
  120  10:27  Hydralisk x3  
  140  12:06  Zergling x2  
  140  12:07  Zergling x18  
  144  12:42  Hydralisk x6  
  144  12:43  Hydralisk x3  
  155  12:48  Overseer x2  
  131  13:06  Hydralisk x6  
Show
View Real Time Build Order
Export as new Build Order

Fenrir Protoss 

Build Orders: Nexus First 

Get SALT Encoding   

  12  0:06  Probe  
  13  0:18  Probe  
  14  0:25  Pylon  
  14  0:30  Probe  
  15  0:40  Probe  
  15  0:48  Probe  
  17  1:03  Nexus  
  17  1:13  Gateway  
  17  1:17  Probe  
  18  1:24  Assimilator  
  18  1:32  Forge  
  18  1:39  Assimilator, Probe  
  19  1:52  Probe  
  20  2:01  Cybernetics Core  
  20  2:10  Probe, Pylon  
  21  2:17  Protoss Ground Weapons Level 1  
  21  2:18  Probe  
  22  2:24  Zealot  
  24  2:32  Probe  
  24  2:33  Probe  
  26  2:38  Warp Gate  
  27  2:44  Probe  
  27  2:52  Pylon  
  25  2:59  Twilight Council  
  25  3:01  Stalker  
  21  3:35  Photon Cannon  
  21  3:41  Photon Cannon  
  18  3:46  Stalker  
  19  3:53  Probe  
  19  4:09  Probe x2  
  21  4:21  Blink  
  21  4:26  Probe x2  
  23  4:38  Probe x2  
  25  4:49  Pylon  
  25  4:54  Protoss Ground Weapons Level 2  
  25  4:55  Probe x2  
  27  5:13  Gateway  
  27  5:20  Probe  
  27  5:21  Probe  
  29  5:27  Gateway  
  29  5:33  Stalker  
  31  5:36  Probe  
  31  5:38  Probe  
  33  5:48  Pylon  
  34  5:50  Probe  
  34  6:06  Robotics Facility  
  34  6:08  Probe  
  34  6:09  Probe  
  36  6:17  Assimilator  
  36  6:18  Stalker  
  38  6:19  Assimilator  
  38  6:21  Stalker  
  40  6:25  Charge  
  40  6:31  Probe x2  
  42  6:48  Observer  
  42  6:52  Gateway  
  42  6:53  Pylon  
  42  7:00  Stalker  
  45  7:05  Probe x2  
  45  7:06  Observer  
  48  7:23  Gateway, Protoss Ground Armor Level 1, Pylon  
  48  7:26  Probe  
  48  7:27  Observer, Probe  
  51  7:38  Probe  
  51  7:39  Probe  
  52  7:45  Robotics Bay  
  52  7:46  Pylon  
  52  7:48  Observer  
  53  7:55  Stalker x2  
  53  7:56  Stalker  
  59  8:12  Probe x2  
  61  8:22  Dark Shrine, Extended Thermal Lance  
  61  8:25  Forge  
  61  8:28  Probe x2  
  63  8:40  Stalker x3  
  69  8:43  Stalker  
  71  8:54  Stalker  
  73  8:57  Colossus  
  58  9:41  Colossus  
  58  9:45  Stalker x3  
  58  9:46  Stalker x2  
  58  9:51  Protoss Ground Armor Level 2  
  58  9:52  Protoss Shields Level 1  
  50  10:22  Dark Templar  
  50  10:23  Dark Templar  
  50  10:25  Dark Templar  
  50  10:26  Dark Templar  
  42  10:38  Colossus  
  42  10:42  Zealot  
  38  10:43  Zealot  
  38  11:11  Zealot x2  
  40  11:12  Zealot x2  
  46  11:20  Zealot  
  48  11:32  Colossus  
  54  11:41  Dark Templar  
  54  11:42  Dark Templar  
  58  11:58  Dark Templar  
  58  11:59  Dark Templar  
  62  12:01  Dark Templar  
  52  12:29  Dark Templar  
  60  12:32  Zealot  
  60  12:34  Zealot  
  60  12:36  Stalker  
  30  13:07  Dark Templar  
Show
View Real Time Build Order
Export as new Build Order

GROYER Protoss 

Build Orders:  

Get SALT Encoding   

  1  0:00  Probe  
  13  0:09  Probe  
  14  0:23  Pylon  
  14  0:26  Probe  
  15  0:45  Pylon  
  15  0:47  Probe  
  16  0:55  Forge  
  16  0:59  Probe  
  17  1:09  Probe  
  17  1:12  Pylon  
  17  1:18  Probe  
  19  1:27  Probe  
  20  1:35  Photon Cannon  
  20  1:39  Probe  
  21  1:50  Assimilator  
  21  1:51  Probe  
  22  1:54  Assimilator  
  22  2:03  Probe  
  23  2:11  Gateway  
  23  2:13  Photon Cannon  
  23  2:15  Photon Cannon  
  23  2:31  Pylon  
  23  2:37  Pylon  
  23  2:49  Probe  
  24  2:59  Cybernetics Core  
  24  3:03  Probe, Photon Cannon  
  24  3:05  Pylon  
  24  3:11  Probe  
  26  3:25  Photon Cannon  
  26  3:38  Nexus  
  26  3:52  Stargate  
  26  3:57  Stargate  
  26  4:08  Photon Cannon  
  26  4:17  Protoss Air Armor Level 1  
  26  4:22  Photon Cannon  
  26  4:39  Void Ray  
  30  4:47  Probe  
  31  4:55  Probe  
  29  5:03  Probe  
  29  5:05  Probe  
  29  5:17  Probe  
  30  5:29  Probe  
  31  5:41  Probe  
  32  5:46  Void Ray  
  32  5:49  Void Ray  
  32  5:53  Probe  
  41  6:00  Assimilator  
  41  6:05  Probe  
  41  6:06  Assimilator  
  42  6:13  Probe  
  42  6:16  Protoss Air Weapons Level 1  
  43  6:23  Probe  
  44  6:39  Nexus  
  44  6:42  Assimilator  
  44  6:43  Assimilator  
  44  6:44  Phoenix  
  46  6:51  Phoenix  
  48  6:55  Probe  
  48  6:56  Probe  
  50  7:05  Probe  
  50  7:07  Probe  
  51  7:14  Phoenix, Probe  
  55  7:26  Probe  
  56  7:33  Pylon  
  56  7:38  Void Ray, Probe  
  61  7:48  Probe  
  61  7:50  Probe  
  62  7:56  Probe  
  63  8:03  Probe  
  65  8:06  Probe  
  65  8:08  Void Ray  
  70  8:16  Void Ray  
  70  8:18  Probe  
  71  8:21  Pylon  
  75  8:30  Probe  
  76  8:35  Stargate  
  76  8:42  Probe  
  76  8:43  Void Ray  
  77  8:51  Probe  
  77  8:53  Fleet Beacon  
  77  8:54  Void Ray  
  82  8:59  Probe  
  82  9:01  Probe  
  87  9:08  Probe  
  88  9:13  Probe  
  90  9:20  Probe  
  91  9:25  Probe  
  88  9:33  Probe  
  83  9:49  Carrier  
  83  9:50  Tempest  
  83  9:52  Void Ray  
  79  10:05  Pylon  
  77  10:08  Pylon  
  77  10:11  Pylon  
  77  10:14  Pylon  
  75  10:17  Pylon  
  75  10:18  Pylon  
  21  12:12  Probe  
  18  12:24  Probe  
  3  12:36  Probe  
  4  12:46  Probe  
  5  12:54  Probe  
  6  13:02  Probe  
  7  13:14  Probe  
  8  13:26  Probe  
Tags
 
Add a new tag
Caveats
  • Supply blocks, unpowered buildings, or Contaminate may cause inaccurate times.
  • Supply counts are checked every 10 seconds.